 Dungeon Crawl Stone Soup version 0.19.0-2-gae57169 (webtiles) character file.

21 Woebin the Stinger (level 2, -2/11 HPs)
             Began as a Felid Venom Mage on Nov 4, 2016.
             Slain by a jackal (3 damage)
             ... on level 1 of the Dungeon.
             The game lasted 00:03:25 (1090 turns).

Woebin the Stinger (Felid Venom Mage)               Turns: 1090, Time: 00:03:26

Health: -2/11      AC:  1    Str:  1 (4)  XL:     2   Next: 65%
Magic:  1/6        EV: 17    Int: 14 (16) God:
Gold:   41         SH:  0    Dex: 13 (16) Spells: 1 memorised, 4 levels left
                                        Lives:  0   Deaths: 0

rFire  . . .     SeeInvis +     (weapon unavailable)
rCold  . . .     Gourm    .     (armour unavailable)
rNeg   . . .     Faith    .     (shield unavailable)
rPois  .         Spirit   .     (helmet unavailable)
rElec  .         Reflect  .     (cloak unavailable)
rCorr  .         Harm     .     (gloves unavailable)
MR     .....                    (boots unavailable)
Stlth  +++.......               (no amulet)
                                (no ring)
                                (no ring)

@: quick
A: no armour, no weapons or thrown items, stealth, claws 1, fangs 3, see
invisible, carnivore 3, speed 1, shaggy fur 1, slow metabolism 1, sharp paws
a: no special abilities


You were on level 1 of the Dungeon.
You were very full.

You visited 1 branch of the dungeon, and saw 1 of its levels.

You collected 41 gold pieces.

Inventory:

Scrolls
 c - a scroll of enchant armour {unknown}
Books
 a - a Young Poisoner's Handbook

   Spells                             Type                      Level
   a - Sting                          Conjuration/Poison           1
   b - Mephitic Cloud                 Conjuration/Poison/Air       3
   c - Olgreb's Toxic Radiance        Poison                       4
   d - Alistair's Intoxication        Transmutation/Poison         5
   e - Venom Bolt                     Conjuration/Poison           5
Comestibles
 b - a meat ration
 d - a slice of pizza


   Skills:
 + Level 2.8 Dodging
 + Level 2.9 Stealth
 + Level 2.2 Spellcasting
 + Level 0.6 Conjurations
 + Level 4.0 Poison Magic


You had 4 spell levels left.
You knew the following spells:

 Your Spells              Type           Power        Failure   Level  Hunger
a - Sting                 Conj/Pois      #...         12%         1    #......


Dungeon Overview and Level Annotations

Branches:
Dungeon (1/15)

Altars:


Innate Abilities, Weirdness & Mutations

You cannot wear armour.
You are incapable of wielding weapons or throwing items.
Your paws allow you to move quietly. (Stealth)
You have sharp claws.
You have razor-sharp teeth.
You have supernaturally acute eyesight. (SInv)
You are carnivorous and can eat meat at any time.
You cover ground quickly.
You are covered in fur. (AC +1)
You have a slow metabolism.
Your sharp claws are effective at attacking unaware monsters.


Message History

The jackal bites you.
* * * LOW HITPOINT WARNING * * *
It was a potion of degeneration.
There was something very wrong with that liquid.
You feel weakened.
You feel dopey.
You feel clumsy. The jackal barely misses you.
The jackal completely misses you.
You barely miss the jackal.
The jackal is almost dead.
The jackal looks more healthy.
The jackal bites you.
* * * LOW HITPOINT WARNING * * *
The jackal misses you. x2
You scratch the jackal.
You kill the jackal!
Your Poison Magic skill increases to level 4!
The jackal bites you.
* * * LOW HITPOINT WARNING * * *
You barely miss the jackal. Your bite misses the jackal.
The jackal is almost dead.
The jackal bites you.
You die...

#........###.....
#.....#...##...).
##.....#...##.....
#.....##...####...
##.....##.....##...
#...........#.##...
#.....>.....+......
#......#....#.#....
#.@h...#......#.#.#
#......#......#.#.#
#.#....#......#.#.#
#.#....#+####.#.#.#
#.#.......# #...#.#
#.#.......# #####.#
#.##.#....+ ..# #.
#+#....#########
...##.......#


You could see a jackal.

Vanquished Creatures
  A leopard gecko (D:1)
  4 bats (D:1)
  5 goblins (D:1)
  3 hobgoblins (D:1)
  A jackal (D:1)
  2 frilled lizards (D:1)
  A kobold (D:1)
  2 rats (D:1)
19 creatures vanquished.

Notes
Turn   | Place    | Note
-------+----------+-------------------------------------------
     0 | D:1      | Woebin the Felid Venom Mage began the quest for the Orb.
     0 | D:1      | Reached XP level 1. HP: 7/7 MP: 4/4
   298 | D:1      | Reached XP level 2. HP: 6/11 MP: 0/6
  1089 | D:1      | Reached skill level 4 in Poison Magic
  1090 | D:1      | Slain by a jackal

Skill      XL: |  1  2 |
---------------+-------+-----
Poison Magic   | 4 |  4.0
Dodging        | |  2.8
Stealth        | |  2.9
Spellcasting   | |  2.2
Conjurations   | |  0.6

Action                   || total
-------------------------++-------
Melee: Unarmed           ||    20
       Bite              ||     2
 Cast: Sting             ||    33
  Use: Potion            ||     1
 Stab: Sleeping          ||     4
  Eat: Chunk             ||     7
Armor: Skin              ||     3
Dodge: Dodged            ||    27
